 Dungeon Crawl Stone Soup version 0.29.0-4-gdea44cf6ec (webtiles) character file.

Game seed: 6026301021812628941

56 qw the Chopper (level 3, -2/21 HPs)
             Began as a Tengu Warper on Aug 28, 2022.
             Slain by Terence
             ... wielding a +0 mace
              (3 damage)
             ... on level 2 of the Dungeon.
             The game lasted 00:00:11 (2026 turns).

qw the Chopper (Tengu Warper)                       Turns: 2026, Time: 00:00:11

Health: -2/21      AC:  8    Str: 13    XL:     3   Next: 97%
Magic:  7/7        EV:  6    Int: 13    God:
Gold:   71         SH:  0    Dex: 13    Spells: 6/6 levels left

rFire   . . .      SeeInvis .   Y - +0 hand axe
rCold   . . .      Faith    .   (no shield)
rNeg    . . .      Spirit   .   h - +0 chain mail
rPois   .          Reflect  .   (helmet restricted)
rElec   .          Harm     .   (no cloak)
rCorr   .          Rampage  .   (no gloves)
Will    .....                   (boots unavailable)
Stlth   ..........              (no amulet)
HPRegen 0.07/turn               (no ring)
MPRegen 0.10/turn               (no ring)

@: no status effects
A: beak, talons 3
a: no special abilities


You were on level 2 of the Dungeon.
You visited 1 branch of the dungeon, and saw 2 of its levels.

You collected 71 gold pieces.


Innate Abilities, Weirdness & Mutations

You have a beak for a mouth.
You have claws for feet.


   Skills:
 - Level 2.0 Fighting
 + Level 4.5 Axes
 - Level 1.0 Throwing
 - Level 1.1 Armour
 - Level 2.1 Dodging
 - Level 2.0 Spellcasting
 - Level 2.4 Translocations


You had 6 spell levels left.
You didn't know any spells.
Your spell library contained the following spells:

 Spells                   Type           Power      Damage    Failure   Level
 Blink                    Tloc           14%        N/A       99%         2
 Gell's Gravitas          Tloc           7%         N/A       100%        3
 Lesser Beckoning         Tloc           7%         N/A       100%        3
 Teleport Other           Tloc           7%         N/A       100%        3
 Manifold Assault         Tloc           7%         N/A       100%        5

Inventory:

Hand Weapons
 c - a +0 mace
 Y - a +0 hand axe (weapon)
Armour
 h - a +0 chain mail (worn)
Scrolls
 a - a scroll of fog {unknown}
 d - a scroll of torment {unknown}
 e - a scroll of amnesia {unknown}
Potions
 b - a potion of brilliance {unknown}
 f - a potion of curing {unknown}
 i - a potion of lignification {unknown}

Dungeon Overview and Level Annotations

Branches:
Dungeon (2/15)

Altars:

Shops:
D:1 :

Annotations:
D:2 Terence


Message History

There is an open door here.
You see here a +0 club.
As you open the door, it creaks loudly!
There is an open door here.
d - a scroll labelled SOKA QIXKYRR
There is an open door here.
A goblin comes into view. It is wielding a +0 dagger.
The goblin shouts!
You barely miss the goblin. Your kick misses the goblin.
Your peck misses the goblin. The goblin barely misses you.
You hit the goblin.
You kill the goblin!
You see here a +0 dagger.
e - a scroll labelled LESMIM ETHRUDOGIE
f - a bubbling green potion Terence the Incautious comes into view.
He is wielding a +0 mace.
Terence shouts!
A ball python comes into view.
The ball python hisses angrily.
You hit Terence. Your kick misses Terence.
Terence is lightly wounded.
Terence hits you but does no damage. Terence hits you with a +0 mace.
You hit Terence but do no damage. You peck Terence.
Terence is lightly wounded.
Terence hits you with a +0 mace.
You barely miss Terence.
Terence is lightly wounded.
Terence hits you with a +0 mace.
You hit Terence but do no damage. You claw Terence, but do no damage.
You peck Terence, but do no damage.
Terence is lightly wounded.
Terence barely misses you.
You hit Terence. Your kick misses Terence.
Terence is moderately wounded.
Terence hits you with a +0 mace!
You hit Terence but do no damage.
Terence is moderately wounded.
Terence hits you with a +0 mace.
You die...

#.........# #
#.........# #
#......)..# #
###+#..#'#####
#....#>.....
########.########
................
..#############.#######
#...S@@......#.#
#.##########.#.# #.#.#
#.#.# #.#.#
################# #.#.#
#...............# #.#.#
#.#############.# #.#.#
#.# #.# #.#.#


You could see Terence and a ball python.

Vanquished Creatures
  4 dart slugs
  3 ball pythons
  2 bats (D:1)
  4 endoplasms (D:1)
  4 giant cockroaches (D:1)
  7 goblins
  4 hobgoblins (D:1)
  3 quokkas (D:1)
  3 frilled lizards (D:1)
  4 kobolds
  5 rats (D:1)
43 creatures vanquished.

Notes
Turn   | Place    | Note
-------+----------+-------------------------------------------
     0 | D:1      | qw the Tengu Warper began the quest for the Orb.
     0 | D:1      | Reached XP level 1. HP: 12/12 MP: 4/4
     0 | D:1      | 0 ||| qw: Version: 0.1-a-89-g26bdef1
     0 | D:1      | 0 ||| qw: Game counter: 2803
     0 | D:1      | 0 ||| qw: Always use a shield: true
     0 | D:1      | 0 ||| qw: God list: Okawaru
     0 | D:1      | 0 ||| qw: Allow faded altars: false
     0 | D:1      | 0 ||| qw: Do Orc after D:15 true
     0 | D:1      | 0 ||| qw: Do second Lair branch before Depths: true
     0 | D:1      | 0 ||| qw: Lair rune preference: random
     0 | D:1      | 0 ||| qw: Plans: Normal
     0 | D:1      | 0 ||| PLANNING D:1-11
    51 | D:1      | 51 ||| Stepping ~*~*~tactically~*~*~ (hiding).
   153 | D:1      | 153 ||| Stepping ~*~*~tactically~*~*~ (hiding).
   255 | D:1      | 255 ||| Stepping ~*~*~tactically~*~*~ (hiding).
   316 | D:1      | Reached skill level 3 in Axes
   316 | D:1      | Reached XP level 2. HP: 13/17 MP: 6/6
   577 | D:1      | 577 ||| Stepping ~*~*~tactically~*~*~ (stealth).
   592 | D:1      | 592 ||| Stepping ~*~*~tactically~*~*~ (stealth).
   877 | D:1      | 877 ||| Stepping ~*~*~tactically~*~*~ (hiding).
   884 | D:1      | Reached XP level 3. HP: 19/21 MP: 7/7
   971 | D:1      | 971 ||| Stepping ~*~*~tactically~*~*~ (stealth).
   986 | D:1      | Reached skill level 4 in Axes
  1013 | D:1      | Found Coplup's Book Shop.
  1535 | D:1      | 1535 ||| Stepping ~*~*~tactically~*~*~ (hiding).
  1651 | D:1      | 1651 ||| UPGRADING to +0 chain mail.
  1661 | D:1      | 1661 ||| DROPPING +0 leather armour.
  1662 | D:1      | 1662 ||| READING 2 scrolls labelled TEIDWA EMIG.
  1663 | D:1      | 1663 ||| READING scroll labelled QOUKHE GERA.
  1664 | D:1      | 1664 ||| READING scroll labelled SIUTHUNENI.
  1669 | D:1      | 1669 ||| DROPPING scroll of magic mapping.
  1670 | D:1      | 1670 ||| DROPPING scroll of blinking.
  1683 | D:2      | Found a faded altar of an unknown god.
  1857 | D:2      | 1857 ||| DROPPING +0 club.
  2015 | D:2      | Noticed Terence
  2025 | D:2      | HP: 1/21 [Terence/+0 mace (8)]
  2026 | D:2      | Slain by Terence

Levels and vault maps discovered:
D:1:      mrwooster_arrival_statue_2, layout_loops_ring, serial_shops, shop,
          roderic_lattice_a, minmay_close_crescents
D:2:      layout_basic, nicolae_ecumenical_pavilion,
          hangedman_decor_diamond_cutter, uniq_terence

Skill      XL: |  1  2  3 |
---------------+----------+-----
Axes           | 3 4 |  4.5
Fighting       | |  2.0
Throwing       | |  1.0
Armour         | |  1.1
Dodging        | |  2.1
Spellcasting   | |  2.0
Translocations | |  2.4

Action                   || total
-------------------------++-------
Melee: Hand axe          ||   108
       Peck              ||    17
       Kick              ||    20
Throw: Boomerang         ||     7
  Use: Scroll            ||     3
Armor: Leather armour    ||    18
       Chain mail        ||     7
Dodge: Dodged            ||    42

Table legend:
 A = Non-vault XP
 B = Vault XP
 C = Vault XP percentage of total XP
 D = Non-vault monster count
 E = Vault monster count
 F = Vault count percentage of total count
                 A         B        C        D         E       F
            +---------+---------+-------+---------+---------+-------
      Total |      66 |      15 |  18.5 |      35 |       8 |  18.6
            +---------+---------+-------+---------+---------+-------
        D:1 |      57 |      15 |  20.8 |      30 |       8 |  21.1
        D:2 |       9 |       0 |   0.0 |       5 |       0 |   0.0
            +---------+---------+-------+---------+---------+-------
